 Dungeon Crawl Stone Soup version 0.31-a0-1238-g0d9d05a (webtiles) character file.

Game seed: 17229177133908917578

80 Meow the Conjurer (level 4, 36/36 HPs)
             Began as a Naga Conjurer on Dec 15, 2023.
             Quit the game on level 3 of the Dungeon.
             The game lasted 00:03:56 (1860 turns).

Meow the Conjurer (Naga Conjurer)                   Turns: 1860, Time: 00:03:57

Health: 36/36      AC:  3    Str: 10    XL:     4   Next: 39%
Magic:  3/8        EV:  9    Int: 20    God:
Gold:   155        SH:  0    Dex:  9    Spells: 6/9 levels left

rFire   . . .        a - +0 sling
rCold   . . .        (no shield)
rNeg    . . .        g - +0 robe
rPois   +            (no helmet)
rElec   .            j - +0 cloak
rCorr   .            (no gloves)
SInv    +            (no barding)
Will    .....        (no amulet)
Stlth   ++           (no ring)
HPRegen 0.26/turn    (no ring)
MPRegen 0.11/turn

%: no passive effects
@: very slow
A: AC +1, large, see invisible, deformed body, poison resistance, slowness 2,
spit poison 1, naga tail 1
a: Spit Poison


You were on level 3 of the Dungeon.
You visited 1 branch of the dungeon, and saw 3 of its levels.

You collected 155 gold pieces.

Inventory:

Hand Weapons
 a - a +0 sling (weapon)
 n - a +0 spear
Missiles
 f - 25 stones
Armour
 g - a +0 robe (worn)
 j - a +0 cloak (worn)
Jewellery
 c - a ring of flight
Wands
 o - a wand of iceblast (9)
 t - a wand of charming (6)
Scrolls
 h - a scroll of enchant armour {unknown}
 i - a scroll of blinking
 k - a scroll of fog
 p - a scroll of immolation {unknown}
 r - a scroll of teleportation {unknown}
 s - 2 scrolls of enchant weapon {unknown}
 u - a scroll of brand weapon {unknown}
Potions
 b - a potion of magic
 d - 2 potions of curing {unknown}
 e - a potion of attraction {unknown}
 l - a potion of brilliance {unknown}
 m - a potion of cancellation {unknown}
 q - a potion of lignification {unknown}
 v - a potion of mutation {unknown}


   Skills:
 - Level 1.5 Dodging
 - Level 3.0 Stealth
 + Level 3.2 Spellcasting
 + Level 4.9 Conjurations


You had 6 spell levels left.
You knew the following spells:

 Your Spells              Type           Power      Damage    Failure   Level
a - Magic Dart            Conj           92%        1d7       1%          1
b - Searing Ray           Conj           46%        2d6       2%          2

Your spell library contained the following spells:

 Spells                   Type           Power      Damage    Failure   Level
 Necrotise                Necr           12%        1d4       14%         1
 Dazzling Flash           Conj/Hex       26%        N/A       16%         3
 Ensorcelled Hibernation  Hex/Ice        6%         N/A       22%         2
 Lesser Beckoning         Tloc           6%         N/A       22%         2
 Passwall                 Tmut/Erth      2%         N/A       22%         2
 Gell's Gravitas          Tloc           3%         N/A       38%         3
 Swiftness                Air            3%         N/A       38%         3
 Teleport Other           Tloc           3%         N/A       38%         3
 Vampiric Draining        Necr           3%         2d6       38%         3
 Fulminant Prism          Conj/Hex       6%         3d7       45%         4
 Iskenderun's Mystic Bla  Conj/Tloc      13%        2d5       45%         4
 Agony                    Necr           3%         N/A       98%         5


Dungeon Overview and Level Annotations

Branches:
Dungeon (3/15)

Altars:

Shops:
D:1 (


Innate Abilities, Weirdness & Mutations

Your serpentine skin is tough. (AC +1)
You have supernaturally acute eyesight. (SInv)
Armour fits poorly on your strangely shaped body.
Your system is resistant to poisons. (rPois)
You cover ground very slowly.
You can spit poison.
You have a snake-like lower body.


Message History

Aiming: Magic Dart (safe; 1% risk of failure)
Press: ? - help, Shift-Dir - straight line, f - orc
Aim: an orc, wielding a +0 club and wearing a +0 leather armour (asleep, 100% to hit)
The magic dart hits the orc.
The orc is moderately wounded.
The orc shouts!
Aiming: Spit Poison (2% risk of failure)
Press: ? - help, Shift-Dir - straight line, f/p - orc
Aim: an orc, wielding a +0 club and wearing a +0 leather armour (moderately wounded, 59% to hit)
The splash of poison misses the orc.
Unknown command.
Casting: Magic Dart (safe; 1% risk of failure)
Confirm with . or Enter, or press ? or * to list all spells.
Aiming: Magic Dart (safe; 1% risk of failure)
Press: ? - help, Shift-Dir - straight line, f/p - orc
Aim: an orc, wielding a +0 club and wearing a +0 leather armour (moderately wounded, 100% to hit)
The magic dart hits the orc.
You kill the orc!
Your Spellcasting skill increases to level 3!
You have got your breath back.
You start resting.
Magic restored.
A jelly comes into view.
The jelly moves out of view.
Casting: Magic Dart (safe; 1% risk of failure)
Confirm with . or Enter, or press ? or * to list all spells.
Aiming: Searing Ray (safe; 3% risk of failure)
Press: ? - help, Shift-Dir - straight line, f - jelly
Aim: a jelly (wandering, hasn't noticed you, 100% to hit)
The searing ray hits the jelly.
The jelly is moderately wounded. (Press . to maintain the ray.) Unknown command.
The searing ray hits the jelly.
The jelly is heavily wounded.
The searing ray hits the jelly!
You kill the jelly!
You have reached level 4!
You feel stronger.
Are you sure you want to abandon this character and quit the game? (Confirm with "yes".)

##.# ...## #
....############ ..
#.............. #.
#.#....######## <.
#.####..## #
#.#######.#####..######
##.#.....@................
.:.......#....#######...##
.........#....# ###.##
.........#....# #...
....)....#....###########.
.........#....##.†........
.........#....##.#########
..########....##.# #....
.. #....##.# #....


There were no monsters in sight!

Vanquished Creatures
  A jelly (D:3)
  An adder (D:2)
  An orc (D:3)
  2 endoplasms
  A giant cockroach (D:1)
  6 goblins
  3 hobgoblins
  2 jackals (D:1)
  2 kobolds
  4 quokkas
  4 ball pythons
  2 bats
  4 frilled lizards
  5 rats
38 creatures vanquished.

Notes
Turn   | Place    | Note
-------+----------+-------------------------------------------
     0 | D:1      | Meow the Naga Conjurer began the quest for the Orb.
     0 | D:1      | Reached XP level 1. HP: 15/15 MP: 3/3
   283 | D:1      | Reached XP level 2. HP: 22/22 MP: 3/5
   286 | D:1      | Learned a level 2 spell: Searing Ray
   676 | D:1      | Found Ciell's Antique Weapon Boutique.
   972 | D:2      | Reached XP level 3. HP: 28/28 MP: 3/6
  1860 | D:3      | Reached XP level 4. HP: 36/36 MP: 3/8
  1860 | D:3      | Quit the game

Illustrated notes

Levels and vault maps discovered:
D:1:      zelgadis_glass_arrival_small, layout_basic, serial_shops, shop
D:2:      layout_rooms, minmay_misc_feat_diagonals, minmay_liquid_box
D:3:      layout_basic, lexackson_kobold_supper

Skill      XL: |  1  2  3 |
---------------+----------+-----
Spellcasting   | 3 |  3.2
Dodging        | |  1.5
Stealth        | |  3.0
Conjurations   | |  4.9

Action                     |  1- 3 |  4- 6 || total
---------------------------+-------+-------++-------
   Fire: Sling             |     2 |       ||     2
   Cast: Magic Dart        |    48 |       ||    48
         Searing Ray       |     3 |       ||     3
Ability: Spit Poison       |    23 |       ||    23
    Use: Scroll            |     2 |       ||     2
 Armour: Robe              |     6 |       ||     6
  Dodge: Dodged            |     2 |       ||     2

Table legend: (Time is in decaauts)
 A = Elapsed time spent in this place.
 B = Non-inter-level travel time spent in this place.
 C = Inter-level travel time spent in this place.
 D = Time resting spent in this place.
 E = Time spent auto-exploring this place.
 F = Levels seen in this place.
 G = Mean time per level.
                   A        B        C        D        E       F      G
               +--------+--------+--------+--------+--------+-----+--------+
         Total |   2344 |   2262 |     82 |    492 |   1514 |   3 |  781.3 |
       Dungeon |   2344 |   2262 |     82 |    492 |   1514 |   3 |  781.3 |
               +--------+--------+--------+--------+--------+-----+--------+

Top non-repeatable levels by time:
     D:1: 1201 daAuts
     D:2: 846 daAuts
     D:3: 297 daAuts
